[Event "42nd WALTON Women-ch Bangladesh 2024"]
[Site "Dhaka"]
[Date "2024.05.26"]
[Round "7.5"]
[White "Sultana, Sharmin Shirin"]
[Black "Israt, Jahan Diba"]
[Result "1-0"]
[ECO "D37"]
[WhiteElo "1927"]
[BlackElo "1904"]
[Annotator "NA RC"]
[PlyCount "107"]
[EventDate "2024.05.20"]
[EventType "tourn"]
[EventCountry "BAN"]
[SourceTitle "playchess.com"]
[Source "ChessBase"]
[SourceQuality "1"]
[TimeControl "40/5400+30:1800+30"]

1. d4 d5 2. c4 e6 3. Nc3 Nf6 4. Nf3 Be7 5. Bf4 c6 6. e3 O-O 7. Qc2 Nbd7 8. h3 Re8 9. Be2 {[%emt 0:05:56] D37: Queen's Gambit Declined: 5 Bf4.} dxc4 10. Bxc4 Nb6 11. Be2 Bd6 (11... Bd7 $14) 12. Bxd6 Qxd6 13. O-O Nbd7 14. Rfd1 Qe7 15. Ne4 h6 16. Rac1 Nxe4 17. Qxe4 Qb4 18. Qc2 Qa5 19. Qb3 Nf6 20. Rc5 Qb6 21. Qc2 Bd7 22. Ne5 Rac8 23. Bd3 (23. b4 $16) 23... Re7 24. Qe2 Be8 25. a3 Nh7 26. Bb1 Nf8 27. b4 f6 28. Nd3 Nd7 29. Rc3 Qb5 30. Nf4 Qg5 $2 (30... Qxe2 $11 {and Black stays safe.} 31. Nxe2 Nb6) 31. Qg4 $2 (31. d5 $18) 31... Qxg4 32. hxg4 Nf8 {[%emt 0:00:49] [#]} (32... Nb6 $11) 33. d5 Rd8 34. d6 $1 Red7 35. Rcd3 e5 36. Ba2+ Bf7 37. Bxf7+ Kxf7 38. Nh5 Ke6 39. f4 g6 (39... Rxd6 $2 {is the wrong capture.} 40. Nxg7+ Kf7 41. Rxd6 $18) 40. f5+ $1 gxf5 41. gxf5+ Kf7 {[%emt 0:05:01] [#]} 42. Ng3 $18 Rb8 43. Ne4 Rdd8 44. Kf2 Nd7 45. Rh1 Rh8 46. Rd2 Rbg8 47. Kf3 Rh7 48. g3 Ra8 49. g4 a5 50. g5 Kg7 51. gxh6+ Kf7 52. Rg2 axb4 53. axb4 Ra4 54. Rhg1 1-0

[Event "42nd WALTON Women-ch Bangladesh 2024"]
[Site "Dhaka"]
[Date "2024.05.26"]
[Round "7.6"]
[White "Noshin, Anjum"]
[Black "Ahmed, Walijah"]
[Result "1-0"]
[ECO "B66"]
[WhiteElo "2025"]
[BlackElo "1878"]
[Annotator "NA RC"]
[PlyCount "133"]
[EventDate "2024.05.20"]
[EventType "tourn"]
[EventCountry "BAN"]
[SourceTitle "playchess.com"]
[Source "ChessBase"]
[SourceQuality "1"]
[TimeControl "40/5400+30:1800+30"]

1. e4 c5 2. Nf3 d6 3. d4 cxd4 4. Nxd4 Nf6 5. Nc3 Nc6 6. Bg5 e6 7. Qd2 a6 8. O-O-O Be7 9. f3 Nxd4 10. Qxd4 b5 {[%emt 0:00:25] B66: Sicilian: Richter-Rauzer: 7...a6 8 0-0-0 h6.} 11. Kb1 Bb7 12. Bxf6 gxf6 13. Be2 Qc7 14. g3 Qc5 15. Qd2 h5 16. Bd3 O-O-O 17. Rhe1 Kb8 18. a3 Rc8 19. f4 Bf8 20. Bf1 h4 21. g4 Bh6 22. h3 Rhd8 23. Bd3 Rc7 24. Rf1 Rdc8 25. Qe1 Qb6 (25... Bg7 $14) 26. Qf2 ({White should try} 26. Qxh4 $16 Bg7 27. Qf2 Qxf2 28. Rxf2) 26... Qa5 (26... Qxf2 $11 {remains equal.} 27. Rxf2 Rd8) 27. Qd4 Bf8 (27... Rxc3 $11 28. bxc3 (28. Qxf6 R3c5 $11) 28... Qxc3 (28... Qxa3 29. g5 $11) 29. Qxd6+ Ka8) 28. Na2 $1 d5 29. exd5 (29. Qxf6 $2 {too greedy.} dxe4 30. Qe5 exd3 $19) 29... Bxd5 30. Nb4 (30. f5 $1 $14) 30... Bc5 31. Qc3 $1 (31. Qxf6 Bxb4 32. axb4 Qa2+ 33. Kc1 Bb3 $17) 31... Bxb4 32. Qxb4 Qxb4 33. axb4 Bg2 34. Rg1 Bxh3 35. Rde1 (35. Rd2 $1 $11 f5 36. gxf5) 35... f5 36. gxf5 Bxf5 ({Much worse is} 36... exf5 37. Rh1 Bg2 38. Rxh4 $11) 37. Bxf5 exf5 38. c3 Rc4 39. Ref1 Rh8 40. Rg5 h3 41. Rxf5 Rcc8 42. Kc2 $17 h2 43. Rh1 Rcg8 44. Rg5 Rxg5 45. fxg5 Rh3 46. Kd2 Kc7 47. Ke2 Kd6 48. Kf2 Ke5 49. Kg2 Rh5 50. Rxh2 Rxg5+ 51. Kf3 Rg1 52. Re2+ Kf5 53. Rd2 Rf1+ 54. Ke3 Rh1 55. Rf2+ Ke6 56. b3 f5 57. Kd4 Ra1 58. c4 Kf6 59. c5 Rd1+ 60. Kc3 Rc1+ 61. Rc2 Re1 62. c6 Re8 63. Kd4 f4 64. c7 Rc8 65. Kd5 Ke7 66. Kc6 f3 67. Kb7 1-0

[Event "42nd WALTON Women-ch Bangladesh 2024"]
[Site "Dhaka"]
[Date "2024.05.27"]
[Round "8.2"]
[White "Israt, Jahan Diba"]
[Black "Noshin, Anjum"]
[Result "1/2-1/2"]
[ECO "C58"]
[WhiteElo "1904"]
[BlackElo "2025"]
[Annotator "NA RC"]
[PlyCount "120"]
[EventDate "2024.05.20"]
[EventType "tourn"]
[EventCountry "BAN"]
[SourceTitle "playchess.com"]
[Source "ChessBase"]
[SourceQuality "1"]
[TimeControl "40/5400+30:1800+30"]

1. e4 e5 2. Nf3 Nc6 3. Bc4 Nf6 4. Ng5 d5 5. exd5 Na5 6. Bb5+ c6 7. dxc6 bxc6 8. Bd3 Nd5 {[%emt 0:00:38] C58: Two Knights: 4 Ng5 d5 5 exd5 Na5 sidelines.} 9. Ne4 Nf4 10. Bf1 f5 11. Nec3 Bd6 12. d3 Ne6 (12... O-O $11) 13. Be2 (13. g3 $14 {might be stronger.}) 13... O-O 14. O-O Nd4 15. Nd2 Bb7 16. Nf3 c5 17. Nxd4 cxd4 18. Nb5 Bb8 19. Na3 e4 20. c3 (20. Rb1 $11) 20... dxc3 (20... Qd6 $5 21. g3 $8 f4 $17) 21. bxc3 Qc7 22. g3 Qxc3 23. Rb1 exd3 24. Qxd3 Be5 25. Bd2 Qc6 26. Rxb7 Nxb7 {[%emt 0:00:07] [#]} 27. Bf3 $1 Qc7 28. Qc4+ $2 (28. Rc1 $18 {has better winning chances.} Qe7 29. Nc4 (29. Qb3+ Kh8 $16)) 28... Rf7 29. Bd5 Rd8 30. Bxf7+ Qxf7 31. Bg5 Rb8 32. Qxf7+ Kxf7 33. Nc4 Bc7 34. Ne3 h6 35. Nd5 hxg5 36. Nxc7 Rc8 37. Nb5 a6 38. Nd4 Nd6 39. Rd1 g6 40. Nf3 Ne4 41. Ne5+ Kf6 $11 42. Nd3 Rc2 43. Rc1 Rxa2 44. Rc6+ Kg7 45. Ne5 Nxf2 46. Rxg6+ Kh7 47. Rf6 Nh3+ 48. Kh1 g4 49. Nxg4 fxg4 50. Rh6+ Kg8 51. Rg6+ Kf8 52. Rf6+ Ke7 53. Re6+ Kd8 54. Rd6+ Ke7 55. Re6+ Kd7 56. Rd6+ Kc8 57. Rc6+ Kb8 58. Rb6+ Ka7 59. Rb7+ Ka8 60. Rb8+ Kxb8 1/2-1/2

[Event "42nd WALTON Women-ch Bangladesh 2024"]
[Site "Dhaka"]
[Date "2024.05.27"]
[Round "8.3"]
[White "Nusrat Jahan, Alo"]
[Black "Sultana, Sharmin Shirin"]
[Result "1/2-1/2"]
[ECO "C50"]
[WhiteElo "1850"]
[BlackElo "1927"]
[Annotator "NA RC"]
[PlyCount "130"]
[EventDate "2024.05.20"]
[EventType "tourn"]
[EventCountry "BAN"]
[SourceTitle "playchess.com"]
[Source "ChessBase"]
[SourceQuality "1"]
[TimeControl "40/5400+30:1800+30"]

1. e4 e5 2. Nf3 Nc6 3. Bc4 Be7 4. c3 Nf6 5. d4 Nxe4 6. dxe5 {[%emt 0:05:42] C50: Hungarian Defence and Giuoco Pianissimo.} O-O 7. O-O d6 8. Qe2 d5 (8... Nc5 $11 {deserves consideration.}) 9. Bxd5 Qxd5 10. Rd1 Qe6 11. Qxe4 f6 12. Re1 fxe5 13. Nbd2 Bf6 14. Nc4 Qf7 15. b3 Be6 16. Ne3 Rfe8 17. Bb2 Qg6 18. Qxg6 hxg6 19. Rad1 Red8 20. Nd2 a5 21. Ne4 b6 22. Rxd8+ Bxd8 23. c4 a4 24. Nc3 axb3 25. axb3 Nd4 26. b4 c6 27. Ra1 Rxa1+ 28. Bxa1 Nb3 29. Bb2 Nd2 30. c5 bxc5 31. bxc5 Be7 32. Na4 Bb3 33. Nb6 Bxc5 34. Nd7 Bd4 35. Bc1 Nc4 36. Nxc4 Bxc4 37. Be3 Bc3 38. f3 Kf7 39. Nc5 Bd4 40. Kf2 Ke7 41. Ne4 $19 (41. Nb7 {was necessary.}) 41... Kd7 42. g3 Bd5 43. Nc5+ Kd6 44. Nb7+ Kc7 45. Nc5 Bc3 46. Na6+ Kd7 47. Nc5+ Ke7 48. Na4 Bd4 49. Nc5 Bg8 50. f4 Ba1 51. fxe5 Bxe5 52. h4 Kd6 53. Kf3 Kd5 54. Nd3 Bd6 55. Nf4+ Bxf4 56. Kxf4 c5 57. Kg5 Bf7 58. Bc1 c4 59. Bb2 Ke4 60. Bxg7 Kd3 61. g4 Be8 62. h5 gxh5 63. gxh5 Bxh5 64. Kxh5 c3 65. Bxc3 Kxc3 1/2-1/2

[Event "42nd WALTON Women-ch Bangladesh 2024"]
[Site "Dhaka"]
[Date "2024.05.27"]
[Round "8.4"]
[White "Jannatul, Ferdous"]
[Black "Kazi Zarin, Tasnim"]
[Result "0-1"]
[ECO "D02"]
[WhiteElo "1990"]
[BlackElo "1854"]
[Annotator "NA RC"]
[PlyCount "94"]
[EventDate "2024.05.20"]
[EventType "tourn"]
[EventCountry "BAN"]
[SourceTitle "playchess.com"]
[Source "ChessBase"]
[SourceQuality "1"]
[TimeControl "40/5400+30:1800+30"]

1. d4 Nf6 2. Bf4 d5 3. e3 c5 4. c3 e6 5. Nf3 Bd6 6. Bg3 Qc7 7. Nbd2 Nbd7 8. Bd3 O-O 9. O-O e5 10. dxe5 Nxe5 11. Nxe5 Bxe5 12. Bxe5 Qxe5 13. Nf3 Qe7 {[%emt 0:00:18] 13...Qe7 is better than 13...Qc7.} 14. h3 Bd7 15. Nd2 $146 {[%emt 0:14:36] D02: 1 d4 d5 2 Nf3 sidelines, including 2...Nf6 3 g3 and 2...Nf6 3 Bf4.} ({Predecessor:} 15. Qe2 Rfd8 16. Rfd1 Ne4 17. Nd2 Ba4 18. Re1 Bc6 19. Rad1 Ba4 20. Rc1 Bc6 21. Rcd1 Ba4 22. Rc1 Bc6 {½-½ Fridman,D (2608)-Ponomariov,R (2631) Dortmund GER Grand Prix 2021 (3)}) 15... b5 16. e4 c4 17. Bc2 dxe4 18. Nxe4 Bc6 19. Qd6 Qxd6 20. Nxd6 g6 21. a4 a6 22. axb5 axb5 23. Rxa8 Rxa8 24. b3 Rd8 25. Rd1 cxb3 $1 26. Bxb3 Kf8 $1 27. c4 (27. Nxf7 $2 {too greedy.} Rxd1+ 28. Bxd1 Kxf7 $19) (27. Bxf7 $2 Ne4 (27... Ke7 $2 28. Re1+ Kxd6 29. Re6+ Kc5 30. Rxf6 $19) 28. f3 Nxd6 $19 (28... Rxd6 $2 29. Rxd6 Nxd6 30. Ba2 $19)) 27... b4 28. c5 (28. Rd2 $15) 28... Ne4 29. Nxe4 Rxd1+ 30. Bxd1 Bxe4 31. Bb3 Ke7 32. f3 Bf5 33. c6 Be6 34. Ba4 $19 Kd6 35. Kf2 b3 36. Ke3 b2 37. Bc2 Bf5 38. Kd2 b1=Q 39. Bxb1 Bxb1 40. Ke3 Kxc6 41. Kf4 f6 42. h4 Kd6 43. g4 Ke6 44. g5 f5 45. h5 Kd5 46. h6 Kd4 47. Kg3 Ke3 0-1

[Event "42nd WALTON Women-ch Bangladesh 2024"]
[Site "Dhaka"]
[Date "2024.05.27"]
[Round "8.5"]
[White "Warsia, Khusbu"]
[Black "Neelava, Choudhury"]
[Result "0-1"]
[ECO "C68"]
[WhiteElo "1905"]
[BlackElo "1778"]
[Annotator "RC"]
[PlyCount "58"]
[EventDate "2024.05.20"]
[EventType "tourn"]
[EventCountry "BAN"]
[SourceTitle "playchess.com"]
[Source "ChessBase"]
[SourceQuality "1"]
[TimeControl "40/5400+30:1800+30"]

1. e4 e5 2. Nf3 Nc6 3. Bb5 a6 4. Bxc6 dxc6 5. O-O Bg4 6. h3 Bxf3 7. Qxf3 Qd7 8. b3 f6 9. Bb2 O-O-O 10. Rd1 c5 11. d3 h5 12. Nd2 Kb8 13. a4 g5 14. Qe2 Ne7 15. Kh2 Ng6 16. g3 Bd6 17. Nc4 f5 18. Ne3 f4 19. Nf5 Ne7 20. Nxe7 Qxe7 21. gxf4 exf4 22. f3 Rhg8 23. e5 g4 24. Qe1 gxf3 25. exd6 Rg2+ 26. Kh1 Qxd6 27. Qh4 Rdg8 28. Rf1 Qg6 29. Qe1 Rh2+ 0-1

[Event "42nd WALTON Women-ch Bangladesh 2024"]
[Site "Dhaka"]
[Date "2024.05.27"]
[Round "8.6"]
[White "Tabassum Sadia, Shahjahan"]
[Black "Hamid, Rani"]
[Result "0-1"]
[ECO "E30"]
[WhiteElo "1567"]
[BlackElo "1863"]
[Annotator "NA RC"]
[PlyCount "108"]
[EventDate "2024.05.20"]
[EventType "tourn"]
[EventCountry "BAN"]
[SourceTitle "playchess.com"]
[Source "ChessBase"]
[SourceQuality "1"]
[TimeControl "40/5400+30:1800+30"]

1. d4 Nf6 2. c4 e6 3. Nc3 Bb4 4. Bg5 h6 5. Bf4 O-O 6. e3 {[%emt 0:00:05] E30: Nimzo-Indian: Leningrad Variation.} d5 7. a3 Bxc3+ 8. bxc3 b6 9. Bd3 Bb7 10. Nf3 Nbd7 11. O-O Re8 12. Be5 Ne4 13. Qc2 f5 14. cxd5 exd5 15. c4 c5 16. Bf4 Rc8 17. Qb3 $2 ({White should play} 17. Rac1 $11) 17... cxd4 (17... g5 $142 18. Be5 g4 19. Bxe4 fxe4 (19... dxe4 20. Ne1 $17)) 18. Bxe4 fxe4 19. Nxd4 dxc4 20. Qa4 a6 21. Qd1 ({White should play} 21. Rfd1 $15) 21... Nf6 22. Qe2 Rc5 23. Rfd1 Qc8 24. Qb2 b5 25. Nc2 Rd8 26. Nb4 a5 27. Nc2 Rd3 28. Nd4 Qg4 29. Rdc1 Rd5 30. h3 Qd7 31. a4 Ba6 32. axb5 Bxb5 33. Rxa5 Ba4 34. Ra8+ Kh7 35. Rxc4 Rd1+ 36. Kh2 Ng4+ 37. Kg3 g5 38. Rh8+ Kg6 39. Qb6+ Kh5 40. Bb8 $18 (40. hxg4+ $2 {leads to mate.} Qxg4+ 41. Kh2 Qh4#) (40. Rg8 $142 Bc6 41. Rxc6 (41. Nxc6 gxf4+ 42. exf4 Rg5 $18) 41... gxf4+ 42. exf4 Qg7 43. hxg4+ (43. Rxg7 Rd3+ 44. f3 Rxf3+ 45. Nxf3 Nf6 46. Rxf6 Rg5+ 47. Rxg5+ hxg5 48. Rh6#) 43... Qxg4+ 44. Rxg4 Rd3+ 45. f3 Rxf3+ 46. Nxf3 Rd6 47. Rc5+ Rd5 48. Rxd5#) 40... R5xd4 41. Rxd4 Qf5 42. Rxh6+ Nxh6 43. Rxa4 Rd2 44. f4 exf3 45. gxf3 Qc2 46. h4 Qxa4 47. e4 Qc2 48. hxg5 Rg2+ 49. Kh3 Rxg5 50. Bg3 Qc8+ 51. Kg2 Rc5 52. Kf2 Rc2+ 53. Ke1 Qc3+ 54. Kf1 Qxf3+ 0-1

[Event "42nd WALTON Women-ch Bangladesh 2024"]
[Site "Dhaka"]
[Date "2024.05.28"]
[Round "9.1"]
[White "Hamid, Rani"]
[Black "Wadifa, Ahmed"]
[Result "0-1"]
[ECO "B59"]
[WhiteElo "1863"]
[BlackElo "1921"]
[Annotator "RC"]
[PlyCount "106"]
[EventDate "2024.05.20"]
[EventType "tourn"]
[EventCountry "BAN"]
[SourceTitle "playchess.com"]
[Source "ChessBase"]
[SourceQuality "1"]
[TimeControl "40/5400+30:1800+30"]

1. e4 c5 2. Nf3 d6 3. d4 cxd4 4. Nxd4 Nf6 5. Nc3 Nc6 6. Be2 e5 7. Nb3 Be7 8. O-O a5 9. a4 O-O 10. Bg5 Be6 11. Bxf6 Bxf6 12. Nd5 Bg5 13. c3 Ne7 14. Bc4 Kh8 15. g3 Rc8 16. Bb5 Nxd5 17. exd5 Bh3 18. Re1 f5 19. Nd2 Bg4 20. Be2 Bxe2 21. Qxe2 Rc5 22. Nb3 Rc8 23. Qb5 b6 24. Rad1 h5 25. Qf1 f4 26. Qh3 g6 27. Re4 Qf6 28. g4 Rc7 29. f3 Rh7 30. Rc4 Qd8 31. Nd2 Qd7 32. Ne4 hxg4 33. Qxg4 Qxg4+ 34. fxg4 Be7 35. Rc6 Rh4 36. Nf2 f3 37. Re1 Rf4 38. Rxb6 Rxa4 39. Rb8+ Kg7 40. Rb7 Kf8 41. h3 Bg5 42. Rd7 Bd2 43. Rd1 Be3 44. Rxd6 Rxh3 45. Re1 Rxg4+ 46. Kf1 Bxf2 47. Rxe5 Bc5 48. Rd8+ Kg7 49. Ke1 f2+ 50. Ke2 Rg1 51. Rd7+ Kh6 52. Rf7 Re1+ 53. Kd2 Rxe5 0-1

[Event "42nd WALTON Women-ch Bangladesh 2024"]
[Site "Dhaka"]
[Date "2024.05.28"]
[Round "9.2"]
[White "Neelava, Choudhury"]
[Black "Tabassum Sadia, Shahjahan"]
[Result "1-0"]
[ECO "B15"]
[WhiteElo "1778"]
[BlackElo "1567"]
[Annotator "NA RC"]
[PlyCount "125"]
[EventDate "2024.05.20"]
[EventType "tourn"]
[EventCountry "BAN"]
[SourceTitle "playchess.com"]
[Source "ChessBase"]
[SourceQuality "1"]
[TimeControl "40/5400+30:1800+30"]

1. e4 c6 2. d4 d5 3. Nc3 dxe4 4. Nxe4 Nf6 5. Nxf6+ exf6 6. c3 Bd6 7. Bd3 O-O 8. Qc2 Re8+ 9. Ne2 h6 10. Be3 Nd7 11. O-O-O Qa5 12. Kb1 b5 13. c4 Nf8 14. cxb5 Be6 15. Nc3 cxb5 16. d5 Bd7 17. Ne4 Rec8 18. Qb3 Be7 19. d6 Bd8 20. Nc5 Bc6 21. Rc1 Nd7 22. Nxd7 Bxd7 23. Be4 Be6 24. Qa3 Qxa3 25. bxa3 Rxc1+ 26. Rxc1 Rc8 27. Rxc8 Bxc8 28. Bxa7 Be6 29. Bc6 Bc4 30. Bb8 f5 31. Bc7 Bd3+ 32. Kb2 Bf6+ 33. Kb3 Be5 34. Kb4 Bb1 35. Kxb5 Bxa2 36. Kb6 Bf6 37. d7 Kf8 38. d8=R+ Bxd8 39. Bxd8 f6 40. a4 Bc4 41. a5 Kf7 42. Bb5 Bd5 43. g3 g5 44. a6 h5 45. a7 f4 46. Bc6 Bxc6 47. Kxc6 fxg3 48. fxg3 Kg6 49. a8=R f5 50. Kd5 f4 51. Ra6+ Kf5 52. h3 g4 53. Rf6+ Kg5 54. Rxf4+ Kg6 55. hxg4 hxg4 56. Rxg4+ Kh7 57. Rh4+ Kg7 58. g4 Kg6 59. g5 Kg7 60. Rg4 Kh7 61. g6+ Kg7 62. Bf6+ Kf8 63. g7+ 1-0

[Event "42nd WALTON Women-ch Bangladesh 2024"]
[Site "Dhaka"]
[Date "2024.05.28"]
[Round "9.3"]
[White "Kazi Zarin, Tasnim"]
[Black "Warsia, Khusbu"]
[Result "1-0"]
[ECO "C42"]
[WhiteElo "1854"]
[BlackElo "1905"]
[Annotator "RC"]
[PlyCount "104"]
[EventDate "2024.05.20"]
[EventType "tourn"]
[EventCountry "BAN"]
[SourceTitle "playchess.com"]
[Source "ChessBase"]
[SourceQuality "1"]
[TimeControl "40/5400+30:1800+30"]

1. e4 e5 2. Nf3 Nf6 3. Nxe5 d6 4. Nf3 Nxe4 5. c4 Be7 6. Nc3 Nxc3 7. dxc3 Nd7 8. Bd3 Nf6 9. h3 c5 10. Bg5 Be6 11. Qc2 h6 12. Bxf6 Bxf6 13. O-O-O Qa5 14. a3 O-O-O 15. Bf5 Kb8 16. Bxe6 fxe6 17. Rhe1 Rhe8 18. Re2 Qa6 19. Qe4 b5 20. cxb5 Qxb5 21. Qc2 c4 22. Nd4 Bxd4 23. Rxd4 e5 24. Rde4 Rf8 25. R2e3 Rd7 26. Qe2 Rc7 27. Rf3 Re8 28. Rg3 Rb7 29. f4 Rf8 30. Rf3 exf4 31. Rfxf4 Rc8 32. Rxc4 Re8 33. Rfe4 Qg5+ 34. Kb1 Qg6 35. Ka1 Rxe4 36. Rxe4 Qg5 37. Re8+ Kc7 38. Qe7+ Qxe7 39. Rxe7+ Kc6 40. Rxb7 Kxb7 41. Kb1 Kc6 42. Kc2 Kd5 43. Kd3 g5 44. b3 h5 45. c4+ Ke5 46. g3 h4 47. gxh4 gxh4 48. b4 a6 49. a4 d5 50. c5 d4 51. c6 Kd6 52. b5 Kd5 1-0

[Event "42nd WALTON Women-ch Bangladesh 2024"]
[Site "Dhaka"]
[Date "2024.05.28"]
[Round "9.4"]
[White "Sultana, Sharmin Shirin"]
[Black "Jannatul, Ferdous"]
[Result "1-0"]
[ECO "D93"]
[WhiteElo "1927"]
[BlackElo "1990"]
[Annotator "NA RC"]
[PlyCount "103"]
[EventDate "2024.05.20"]
[EventType "tourn"]
[EventCountry "BAN"]
[SourceTitle "playchess.com"]
[Source "ChessBase"]
[SourceQuality "1"]
[TimeControl "40/5400+30:1800+30"]

1. d4 Nf6 2. c4 g6 3. Nc3 d5 4. Bf4 Bg7 5. e3 O-O 6. Nf3 a6 (6... c5 $11 {keeps the balance.}) 7. Rc1 c5 {[%emt 0:07:00] D93: Grünfeld: 4 Nf3 Bg7 5 Bf4 0-0 6 e3.} 8. dxc5 Qa5 (8... Be6 $142) 9. cxd5 Rd8 (9... Nbd7 $16 {might work better.}) 10. Bc4 Nxd5 11. Bxd5 e6 12. Bd6 exd5 13. a3 Be6 14. O-O Nc6 15. Nd4 Nxd4 16. exd4 Rac8 17. Rb1 Re8 (17... Rxd6 $16 {was necessary.} 18. cxd6 Qb6) 18. b4 Qd8 19. Qf3 Qg5 20. Bf4 Qf5 21. Rfd1 h5 22. Rd2 (22. b5 $142) 22... g5 23. Bd6 Qg6 24. Rf1 g4 25. Qd1 Bh6 26. Re2 h4 27. Rfe1 Qf5 28. Re5 Qg6 29. Nxd5 Bg7 30. R5e4 Bh6 31. Ne7+ Rxe7 32. Bxe7 Bf5 33. Re5 Bf4 34. Bxh4 Bxe5 35. Rxe5 f6 36. Re7 Qh6 37. Bg3 Rd8 38. d5 Kf8 39. Re3 (39. Rxb7 $142 Qg6 40. c6) 39... Bd7 $2 (39... Re8 40. Rc3 Kg7) 40. Bd6+ Kg8 41. Qd2 Qg6 42. Qd3 Bf5 43. Qe2 Qf7 44. f3 g3 45. hxg3 $18 Qxd5 46. Re7 Qd4+ 47. Kh2 Rd7 48. Qa2+ Kh8 49. Re8+ Kg7 50. Qg8+ Kh6 51. Bf4+ Kh5 52. g4+ 1-0

[Event "42nd WALTON Women-ch Bangladesh 2024"]
[Site "Dhaka"]
[Date "2024.05.28"]
[Round "9.5"]
[White "Noshin, Anjum"]
[Black "Nusrat Jahan, Alo"]
[Result "1-0"]
[ECO "B28"]
[WhiteElo "2025"]
[BlackElo "1850"]
[Annotator "RC"]
[PlyCount "75"]
[EventDate "2024.05.20"]
[EventType "tourn"]
[EventCountry "BAN"]
[SourceTitle "playchess.com"]
[Source "ChessBase"]
[SourceQuality "1"]
[TimeControl "40/5400+30:1800+30"]

1. e4 c5 2. Nf3 d6 3. d4 cxd4 4. Nxd4 Nf6 5. f3 g6 6. c4 Bg7 7. Nc3 O-O 8. Be3 Nc6 9. Qd2 a6 10. Be2 Bd7 11. g4 e6 12. h4 Nxd4 13. Bxd4 Bc6 14. O-O-O b5 15. g5 Nh5 16. Bxg7 Kxg7 17. Qxd6 Qb6 18. cxb5 axb5 19. Qd4+ Qxd4 20. Rxd4 Nf4 21. Kb1 Rfd8 22. Rxd8 Rxd8 23. Bxb5 Bxb5 24. Nxb5 Rd2 25. Nc3 e5 26. Rd1 Rxd1+ 27. Nxd1 Kf8 28. Ne3 Nd3 29. Nd5 Ke8 30. b4 Kd7 31. a4 Kc6 32. Kc2 Ne1+ 33. Kc3 Nxf3 34. b5+ Kb7 35. a5 Nd4 36. a6+ Ka7 37. Kb4 Ne6 38. Ka5 1-0

[Event "42nd WALTON Women-ch Bangladesh 2024"]
[Site "Dhaka"]
[Date "2024.05.28"]
[Round "9.6"]
[White "Ahmed, Walijah"]
[Black "Israt, Jahan Diba"]
[Result "1-0"]
[ECO "B76"]
[WhiteElo "1878"]
[BlackElo "1904"]
[Annotator "RC"]
[PlyCount "63"]
[EventDate "2024.05.20"]
[EventType "tourn"]
[EventCountry "BAN"]
[SourceTitle "playchess.com"]
[Source "ChessBase"]
[SourceQuality "1"]
[TimeControl "40/5400+30:1800+30"]

1. e4 c5 2. Nf3 d6 3. d4 cxd4 4. Nxd4 Nf6 5. Nc3 g6 6. Be3 Bg7 7. f3 O-O 8. Qd2 Nc6 9. g4 h5 10. gxh5 Nxh5 11. O-O-O Nxd4 12. Bxd4 Be6 13. Bxg7 Kxg7 14. Rg1 Nf6 15. f4 Bg4 16. Be2 Bxe2 17. Qxe2 Qe8 18. e5 dxe5 19. fxe5 Nh7 20. h4 Rh8 21. h5 Nf8 22. hxg6 Nxg6 23. e6 Rd8 24. Rdf1 f6 25. Rg2 Rh6 26. Rfg1 a6 27. Qe4 Rc8 28. Nd5 Rc5 29. Nxe7 Rg5 30. Nf5+ Rxf5 31. Qxf5 b5 32. e7 1-0

[Event "42nd WALTON Women-ch Bangladesh 2024"]
[Site "Dhaka"]
[Date "2024.05.29"]
[Round "10.1"]
[White "Wadifa, Ahmed"]
[Black "Israt, Jahan Diba"]
[Result "0-1"]
[ECO "B76"]
[WhiteElo "1921"]
[BlackElo "1904"]
[Annotator "NA RC"]
[PlyCount "113"]
[EventDate "2024.05.20"]
[EventType "tourn"]
[EventCountry "BAN"]
[SourceTitle "playchess.com"]
[Source "ChessBase"]
[SourceQuality "1"]
[TimeControl "40/5400+30:1800+30"]

1. e4 c5 2. Nf3 d6 3. d4 cxd4 4. Nxd4 Nf6 5. Nc3 g6 6. Be3 Bg7 7. f3 Nc6 8. Qd2 O-O 9. O-O-O d5 10. exd5 Nxd5 11. Nxc6 bxc6 12. Bd4 Bxd4 13. Qxd4 Be6 {[%emt 0:01:18] B76: Sicilian Dragon: Yugoslav Attack, 9 g4 and 9 0-0-0.} 14. Qc5 Qb6 15. Na4 Qc7 16. b3 Rfd8 17. Bc4 Qe5 18. Rd4 (18. Bxd5 $1 $11 Rxd5 (18... cxd5 19. Qd4 $11) 19. Qc3) 18... Qg5+ 19. Rd2 Rd6 20. Rhd1 Qe5 21. c3 Qxh2 22. Bxd5 cxd5 23. Qe3 Qg3 24. Kb2 Rc6 25. Re2 h5 26. Qd4 ({White should try} 26. Rdd2 $1 $11) 26... a6 (26... a5 $1 $15) 27. Nc5 Rac8 28. Nxe6 Rxe6 29. Rxe6 fxe6 30. Rd2 Rc6 31. Re2 Rd6 32. Kc2 Rc6 33. Kb2 Rd6 34. Qa4 Kf7 35. Qd4 Kg8 36. Qa7 Qg5 37. Qd4 Qf6 38. Re5 Rd8 39. Qe3 Rd6 40. f4 Kf7 41. Rg5 d4 42. Qe5 dxc3+ 43. Kxc3 Rd5 44. Qxf6+ exf6 $19 ({Weaker is} 44... Kxf6 45. b4 $11) 45. Rxd5 exd5 46. b4 Ke6 47. a4 Kd6 48. Kd4 g5 49. Ke3 h4 50. Kf3 d4 51. Ke4 g4 52. b5 axb5 53. a5 h3 54. a6 hxg2 55. a7 g1=Q 56. a8=Q Qg2+ 57. Kxd4 0-1

[Event "42nd WALTON Women-ch Bangladesh 2024"]
[Site "Dhaka"]
[Date "2024.05.29"]
[Round "10.2"]
[White "Nusrat Jahan, Alo"]
[Black "Ahmed, Walijah"]
[Result "0-1"]
[ECO "D00"]
[WhiteElo "1850"]
[BlackElo "1878"]
[Annotator "NA RC"]
[PlyCount "126"]
[EventDate "2024.05.20"]
[EventType "tourn"]
[EventCountry "BAN"]
[SourceTitle "playchess.com"]
[Source "ChessBase"]
[SourceQuality "1"]
[TimeControl "40/5400+30:1800+30"]

1. d4 d5 2. Bf4 c5 3. c3 Nc6 4. e3 Qb6 5. Qb3 c4 6. Qxb6 {[%emt 0:00:09] D00: 1 d4 d5: Unusual lines.} axb6 7. Nd2 b5 8. a3 b4 9. cxb4 Nxb4 10. Rc1 Nc6 11. Ngf3 e6 12. Be2 Nf6 13. O-O Be7 14. Nb1 Ne4 15. Ne5 ({White should play} 15. Rfd1 $15) 15... Bd7 ({Black should try} 15... g5 $17 16. Nxc6 bxc6) 16. f3 Nd6 17. Nc3 Nxe5 18. Bxe5 f6 19. Bxd6 Bxd6 20. f4 f5 21. Kf2 Ke7 22. Ke1 b5 23. Kd2 Ra7 (23... h5 $17 24. h4 g6) 24. Rb1 Rb8 25. Ra1 Rba8 26. Rab1 Rb8 27. Ra1 $1 Rba8 28. Rab1 b4 29. axb4 Bxb4 30. Rfc1 Ra2 31. Bd1 R8a3 (31... Rb8 $19 32. h3 Ba5) 32. Rc2 Ra7 33. Kc1 Ra1 34. h3 Be8 35. Rf2 R1a6 36. Rc2 Rb7 37. Rf2 h6 38. g3 Rba7 39. Rc2 Rb6 40. Rf2 Rba6 41. Rc2 Rb7 ({Black should play} 41... Kf6 $17 42. h4 h5) 42. Rf2 $1 Kf6 43. Bc2 Bh5 $17 44. Ne2 Be1 45. Rf1 Bxe2 46. Rxe1 Bf3 47. Rg1 h5 48. Kd2 Rab6 49. Kc3 Be4 50. Bxe4 Rb3+ 51. Kc2 fxe4 52. Rge1 g5 53. Re2 gxf4 54. gxf4 Rg7 55. h4 Rg3 56. Rbe1 Rh3 57. Kd1 Rxh4 58. Rg1 Rh3 59. Rg5 Rhxe3 60. Rxh5 Rxe2 61. Kxe2 Rxb2+ 62. Ke3 Rb3+ 63. Ke2 Rd3 0-1